 Dungeon Crawl Stone Soup version 0.30-a0-840-ga523dec638 (webtiles) character file.

Game seed: 17354237290430534110

3054 Ceno the Jinx (level 9, -1/51 HPs)
             Began as a Vampire Enchanter on Mar 1, 2023.
             Was a Believer of Kikubaaqudgha.
             Slain by a wolf (7 damage)
             ... led by Grum
             ... on level 7 of the Dungeon on Mar 2, 2023.
             The game lasted 00:39:47 (10361 turns).

Ceno the Jinx (Vampire Enchanter)                  Turns: 10361, Time: 00:39:48

Health: -1/51      AC: 11    Str:  9    XL:     9   Next: 57%
Magic:  6/15       EV: 10    Int: 22    God:    Kikubaaqudgha [**....]
Gold:   572        SH:  0    Dex: 15    Spells: 5/16 levels left

rFire   . . .      SeeInvis +    a - +1 dagger (speed)
rCold   + + +      Faith    .    (no shield)
rNeg    + + +      Spirit   .    u - +2 ring mail "Edymemood" {Int+3}
rPois   ∞          Reflect  .    N - +1 helmet
rElec   .          Harm     .    (no cloak)
rCorr   .          Rampage  .    i - +1 pair of gloves
Will    .....                    (no boots)
Stlth   +++++                    s - amulet of the acrobat
HPRegen 0.00/turn                l - ring of protection from cold
MPRegen 0.14/turn                z - ring of flight

@: confusing by touch, flying, bloodless, inhibited regen
A: bloodless, fangs 3, see invisible, vampiric 2
a: Bat Form, Revivify, Renounce Religion, Unearth Wretches


You were on level 7 of the Dungeon.
You worshipped Kikubaaqudgha.
Kikubaaqudgha was pleased with you.
You visited 2 branches of the dungeon, and saw 9 of its levels.

You collected 572 gold pieces.

Inventory:

Hand Weapons
 a - a +1 dagger of speed (weapon)
 k - a +0 rapier
 H - a +0 scimitar
Missiles
 j - 51 stones (quivered)
 p - 10 poisoned darts
 E - a curare-tipped dart
Armour
 i - a +1 pair of gloves (worn)
 m - a +0 buckler
 u - the +2 ring mail "Edymemood" (worn) {Int+3}
   (You found it on level 4 of the Dungeon)

   Int:       It affects your intelligence (+3).
 N - a +1 helmet (worn)
Jewellery
 l - a ring of protection from cold (left hand)
 s - an amulet of the acrobat (around neck)
 v - an amulet of regeneration
 z - a ring of flight (right hand)
Wands
 b - a wand of paralysis (20)
 w - a wand of flame (20)
 C - a wand of mindburst (11)
 M - a wand of iceblast (7)
Scrolls
 d - 5 scrolls of teleportation
 f - 3 scrolls of enchant armour
 g - 2 scrolls of immolation
 q - a scroll of silence {unknown}
 r - a scroll of noise {unknown}
 y - a scroll of brand weapon {unknown}
 A - a scroll of fog
 F - a scroll of poison {unknown}
 J - a scroll of identify
 K - a scroll of magic mapping {unknown}
 L - a scroll of fear {unknown}
 O - a scroll of vulnerability {unknown}
Potions
 c - 2 potions of invisibility
 e - 7 potions of curing
 h - 2 potions of magic
 n - a potion of berserk rage
 o - 3 potions of attraction
 t - 2 potions of lignification
 x - 2 potions of haste {unknown}
 B - a potion of flight {unknown}
 D - 2 potions of brilliance {unknown}
 G - a potion of might {unknown}
 I - a potion of degeneration {unknown}


   Skills:
 + Level 3.5 Fighting
 + Level 6.3 Short Blades
 - Level 2.5 Dodging
 - Level 8.0 Stealth
 - Level 4.0 Spellcasting
 - Level 3.0 Conjurations
 - Level 10.0 Hexes
 + Level 4.8 Necromancy
 + Level 3.3 Evocations


You had 5 spell levels left.
You knew the following spells:

 Your Spells              Type           Power      Damage    Failure   Level
a - Ensorcelled Hibernat  Hex/Ice        52%        N/A       6%          2
b - Confusing Touch       Hex            48%        N/A       1%          3
c - Tukima's Dance        Hex            48%        N/A       1%          3
d - Dazzling Flash        Conj/Hex       66%        N/A       6%          3

Your spell library contained the following spells:

 Spells                   Type           Power      Damage    Failure   Level
 Necrotise                Necr           100%       1d9       4%          1
 Kiss of Death            Conj/Necr      84%        2d11      6%          1
 Vampiric Draining        Necr           25%        2d7       13%         3
 Animate Dead             Necr           25%        N/A       38%         4
 Blink                    Tloc           8%         N/A       43%         2
 Manifold Assault         Tloc           4%         N/A       97%         4
 Borgnjor's Vile Clutch   Necr/Erth      7%         N/A       97%         5
 Alistair's Intoxication  Tmut/Pois      2%         N/A       100%        5
 Eringya's Noxious Bog    Tmut/Pois      2%         N/A       100%        6
 Storm Form               Tmut/Air       2%         N/A       100%        7


Dungeon Overview and Level Annotations

Branches:
Dungeon (8/15)             Temple (1/1) D:4
   Lair: D:8-11

Altars:
Ashenzari
Cheibriados
Dithmenos
Fedhas
Gozag
Hepliaklqana
Kikubaaqudgha
Makhleb
Nemelex Xobeh
Okawaru
Qazlal
Sif Muna
Trog
Uskayaw
Vehumet
Wu Jian
Yredelemnul

Shops:
D:1 ?   D:8 :(=(:

Annotations:
D:4 2 transporters
D:6 exclusion: steam dragon
D:8 Grum


Innate Abilities, Weirdness & Mutations

You do not regenerate when monsters are visible.
You are frail without blood (-20% HP).
You can heal yourself when you bite living creatures.
You are immune to poison.
You have razor-sharp teeth.
You have supernaturally acute eyesight. (SInv)
You are afflicted with vampirism and can become a bat while bloodless.


Message History

The wolf bites you.
Casting: Dazzling Flash (dangerous; 6% risk of failure)
Confirm with . or Enter, or press ? or * to list all spells.
Your hands begin to glow red.
The wolf bites you!
Grum hits you from afar with a -1 halberd!
You hit the wolf but do no damage. The wolf bites you but does no damage.
You hit the wolf but do no damage. The wolf bites you but does no damage.
You barely miss the wolf. You hit the wolf but do no damage.
Your bite misses the wolf. The wolf bites you.
You hit the wolf but do no damage. You barely miss the wolf.
The wolf bites you but does no damage.
You hit the wolf but do no damage.
The wolf appears confused.
Grum is no longer blind.
The wolf bites you.
* * * LOW HITPOINT WARNING * * *
The wolf bites itself!
The wolf closely misses the wolf.
The wolf barely misses the wolf.
The wolf bites itself!
The wolf misses you.
There is a stone staircase leading down here.
The wolf attacks as you move away! The wolf completely misses you.
The wolf misses you. The wolf attacks as you move away!
The wolf barely misses you. The wolf bites you.
* * * LOW HITPOINT WARNING * * *
The wolf misses you. The wolf bites you but does no damage.
Kikubaaqudgha accepts your kill.
You feel a bit more experienced. The wolf misses you.
There is a stone staircase leading up here.
The wolf closely misses you. The wolf bites you.
* * * LOW HITPOINT WARNING * * *
You fly upwards.
There is a stone staircase leading down here.
Casting: Confusing Touch (safe; 1% risk of failure)
Confirm with . or Enter, or press ? or * to list all spells.
Your hands begin to glow red.
The wolf bites you!
You die...
Kikubaaqudgha rasps: "You have failed me!
Welcome... oblivion!"

.##.##########............#
..#..# #.#..####.#### #.##.##
#....# #.## #..#..##########..#
#..# ....#>.......#....# ##.#
....#<.......#....# #.#
.........[...#....#####.#######
##...........#......#.........#
###..........#.h@.#...........#
...##.............##..........#
##<..#.....#......##..........#
###.#..#....#................#
##......#.#.......##...########
...##.#.#.#.#......^...####
.#.##..[......########....#
.#.......#..#.# ##.##.#####
.######.......# #.........#


You could see a wolf.

Vanquished Creatures
  A water moccasin (D:6)
  2 orc warriors
  2 black bears
  2 ice beasts
  An ogre (D:4)
  2 sky beasts
  2 wolves (D:8)
  3 centaurs
  A phantom (D:6)
  2 kobold brigands (D:7)
  3 necrophages (D:7)
  A bullfrog (D:6)
  2 scorpions
  A wight (D:6)
  2 howler monkeys
  An orc priest (D:7)
  3 jellies
  A gnoll bouda (D:4)
  3 hounds
  3 iguanas
  7 orc wizards
  14 gnolls
  7 adders
  2 white imps (D:5)
  An ufetubus (D:5)
  2 worms
  21 orcs
  9 ball pythons
  8 bats
  10 endoplasms
  2 giant cockroaches
  5 goblins
  10 hobgoblins
  4 jackals (D:4)
  2 quokkas
  3 frilled lizards
  12 kobolds
  9 rats
  A toadstool (D:6)
167 creatures vanquished.

Vanquished Creatures (collateral kills)
  3 wights (D:6)
  2 gnolls
  A kobold (D:7)
6 creatures vanquished.

Vanquished Creatures (others)
  A wizard (D:4)
  4 dancing weapons
  4 plants (D:4)
  3 toadstools (D:6)
12 creatures vanquished.

Grand Total: 185 creatures vanquished

Notes
Turn   | Place    | Note
-------+----------+-------------------------------------------
     0 | D:1      | Ceno the Vampire Enchanter began the quest for the Orb.
     0 | D:1      | Reached XP level 1. HP: 13/13 MP: 3/3
    63 | D:1      | Found Onguir's Magic Scroll Emporium.
   191 | D:1      | Reached skill level 5 in Hexes
   191 | D:1      | Reached XP level 2. HP: 19/19 MP: 5/5
   269 | D:1      | Learned a level 2 spell: Ensorcelled Hibernation
   823 | D:1      | Reached skill level 5 in Stealth
  1038 | D:1      | Gained mutation: You are afflicted with vampirism and can
                  | become a bat while bloodless. [Vampire growth]
  1038 | D:1      | Reached XP level 3. HP: 24/24 MP: 1/6
  1042 | D:1      | Learned a level 3 spell: Confusing Touch
  1899 | D:2      | Reached skill level 6 in Hexes
  2139 | D:3      | Reached XP level 4. HP: 24/24 MP: 3/7
  2335 | D:3      | HP: 1/24 [gnoll/+0 flail (9)]
  2979 | D:3      | Learned a level 3 spell: Tukima's Dance
  3072 | D:3      | Reached XP level 5. HP: 4/28 MP: 0/9
  3638 | D:3      | Reached skill level 7 in Hexes
  4393 | D:4      | Found a staircase to the Ecumenical Temple.
  4404 | Temple   | Entered the Ecumenical Temple
  4495 | Temple   | Became a worshipper of Kikubaaqudgha
  4571 | D:4      | Found a transporter.
  4586 | D:4      | Noticed an ogre
  4705 | D:4      | Reached XP level 6. HP: 32/32 MP: 6/10
  4776 | D:4      | Reached skill level 8 in Hexes
  4807 | D:4      | Learned a level 3 spell: Dazzling Flash
  4915 | D:4      | Found a transporter.
  4965 | D:4      | Identified the +2 ring mail "Edymemood" {Int+3}
  5263 | D:4      | Reached XP level 7. HP: 36/36 MP: 10/12
  5525 | D:3      | Reached skill level 1 in Conjurations
  5801 | D:4      | Found a bloodstained altar of Trog.
  5802 | D:4      | Noticed a wizard
  5808 | D:4      | Killed a wizard
  5944 | D:5      | Entered Level 5 of the Dungeon
  7190 | D:5      | Reached * piety under Kikubaaqudgha
  7190 | D:5      | Received a gift from Kikubaaqudgha
  7489 | D:6      | Noticed a steam dragon
  7701 | D:6      | Reached XP level 8. HP: 41/41 MP: 14/14
  7792 | D:6      | Reached skill level 9 in Hexes
  8107 | D:6      | Reached skill level 1 in Necromancy
  8268 | D:6      | Reached skill level 10 in Hexes
  8598 | D:7      | Reached skill level 1 in Fighting
  8714 | D:7      | Reached skill level 1 in Evocations
  8764 | D:7      | Reached skill level 5 in Short Blades
  8992 | D:7      | Reached XP level 9. HP: 48/48 MP: 11/15
  9137 | D:7      | Reached ** piety under Kikubaaqudgha
  9228 | D:7      | Found a blossoming altar of Fedhas.
  9790 | D:8      | Found Cyotun's Book Boutique.
  9913 | D:8      | Found Zaidghass's Jewellery Shoppe.
 10095 | D:8      | Found Ucuofa's Antique Weapon Boutique.
 10159 | D:8      | Found Suetogal's Book Shop.
 10262 | D:8      | Found Doidgh's Antique Weapon Boutique.
 10327 | D:8      | Noticed Grum
 10361 | D:7      | Slain by a wolf

Illustrated notes

Levels and vault maps discovered:
D:1:      shiori_arrival_elements, layout_basic, serial_shops,
          nicolae_shop_crystal
D:2:      layout_rooms
D:3:      minmay_razor_zed, layout_basic, grunt_ministairs_12
D:4:      gammafunk_cloud_chamber, layout_gridville, trog_wizard,
          minmay_temple_entry_overgrown, st_stairs_14
D:5:      layout_basic, grunt_decor_mini_mirrors, kennysheep_generic_room_4
D:6:      layout_basic, nicolae_lava_and_water, minmay_gold_behind_fungi
D:7:      layout_rooms, lemuel_crystal_altar
D:8:      minmay_spotlight, layout_loops_cross, serial_shops,
          nicolae_shop_hallway_stairs, shop, nicolae_shop_waterfront,
          nicolae_stop_n_shop_1, nicolae_shop_waterfront, uniq_grum
Temple:   dpeg_three_leaves_temple

Skill      XL: |  1  2  3  4  5  6  7  8  9 |
---------------+----------------------------+-----
Hexes          | 5 6 7 8 10 | 10.0
Stealth        | 5 6 7 8 |  8.0
Spellcasting   | 3 4 |  4.0
Short Blades   | 3 5 6 |  6.3
Conjurations   | 2 3 |  3.0
Necromancy     | 3 4 |  4.8
Fighting       | 2 3 |  3.5
Evocations     | 1 3 |  3.3
Dodging        | |  2.5

Action                     |  1- 3 |  4- 6 |  7- 9 || total
---------------------------+-------+-------+-------++-------
  Melee: Dagger            |    93 |   174 |   399 ||   666
         Bite              |     8 |    17 |    60 ||    85
         Punch             |     1 |       |     5 ||     6
  Throw: Stone             |     3 |     7 |     6 ||    16
   Cast: Ensorcelled Hiber |    11 |     1 |       ||    12
         Confusing Touch   |     8 |    27 |    45 ||    80
         Tukima's Dance    |       |     7 |    16 ||    23
         Dazzling Flash    |       |       |     7 ||     7
Ability: Exsanguinate      |     1 |       |       ||     1
         End Transformatio |       |     1 |       ||     1
         Bat Form          |       |     1 |       ||     1
    Use: Scroll            |     3 |     3 |     3 ||     9
   Stab: Sleeping          |    23 |    10 |    13 ||    46
         Confused          |     4 |    15 |    35 ||    54
         Invisible         |       |       |     6 ||     6
 Armour: Robe              |    11 |    12 |       ||    23
         Leather armour    |       |    37 |       ||    37
         Ring mail         |       |    11 |    76 ||    87
  Dodge: Dodged            |    34 |   114 |   123 ||   271

Table legend: (Time is in decaauts)
 A = Elapsed time spent in this place.
 B = Non-inter-level travel time spent in this place.
 C = Inter-level travel time spent in this place.
 D = Time resting spent in this place.
 E = Time spent auto-exploring this place.
 F = Levels seen in this place.
 G = Mean time per level.
                   A        B        C        D        E       F      G
               +--------+--------+--------+--------+--------+-----+--------+
         Total |  10181 |   9724 |    457 |   1799 |   3978 |   9 | 1131.2 |
       Dungeon |  10081 |   9632 |    449 |   1799 |   3922 |   8 | 1260.1 |
        Temple |    100 |     92 |      8 |      0 |     56 |   1 |  100.0 |
               +--------+--------+--------+--------+--------+-----+--------+

Top non-repeatable levels by time:
     D:3: 2423 daAuts
     D:5: 1493 daAuts
     D:4: 1365 daAuts
     D:1: 1332 daAuts
     D:6: 1135 daAuts
     D:7: 1098 daAuts
     D:2: 698 daAuts
     D:8: 534 daAuts
  Temple: 100 daAuts
